 Dungeon Crawl Stone Soup version 0.29-a0-231-g945431f764 (webtiles) character file.

Game seed: 15965077303720558346

3983 enile the Carver (level 10, -19/70 (79) HPs)
             Began as a Barachi Fighter on Mar 1, 2022.
             Was a Believer of Ru.
             Killed by the air
             ... invoked by Gastronok
              (22 damage)
             ... on level 8 of the Dungeon.
             The game lasted 00:23:17 (10417 turns).

enile the Carver (Barachi Fighter)                 Turns: 10417, Time: 00:23:18

HP:   -19/70 (79)   AC: 18    Str: 21      XL:     10   Next: 22%
MP:   0/10          EV:  8    Int: 12      God:    Ru [**....]
Gold: 247           SH: 14    Dex: 12 (13) Spells: 9/9 levels left

rFire   . . .      SeeInvis .   p - +0 double sword (vorpal)
rCold   . . .      Faith    .   K - +0 tower shield
rNeg    . . .      Spirit   +   i - +0 plate armour
rPois   .          Reflect  .   l - +1 helmet of Vopp {Rampage rElec Int+2}
rElec   +          Harm     .   r - +2 cloak
rCorr   +          Rampage  +   (no gloves)
Will    .....                   (no boots)
Stlth   ..........              n - amulet of guardian spirit
HPRegen 0.21/turn               s - ring "Loruzeffe" {rCorr Str+2}
MPRegen 0.12/turn               G - +4 ring of evasion

@: unable to hop, heavily drained, slow
A: amphibious, slowness 1, no conjurations magic, no earth magic, no hexes
magic, unskilled 1, strong legs 1, +LOS, deterioration 1, mutation resistance 1
a: Hop, Renounce Religion


You were on level 8 of the Dungeon.
You worshipped Ru.
Ru was pleased with you.
You visited 1 branch of the dungeon, and saw 8 of its levels.
You also visited: Ossuary.

You collected 614 gold pieces.
You spent 367 gold pieces at shops.

Inventory:

Hand Weapons
 a - a +0 long sword
 d - a +1 vorpal great sword
 k - a +0 falchion
 m - a +0 war axe
 p - a +0 vorpal double sword (weapon)
 w - a +1 dagger of venom
 F - a +2 scimitar
 H - a +4 scimitar
Missiles
 t - 2 atropa-tipped darts
 Q - 8 poisoned darts
Armour
 b - a +0 scale mail
 c - a +0 buckler
 i - a +0 plate armour (worn)
 l - the +1 helmet of Vopp (worn) {Rampage rElec Int+2}
   (You acquired it in an ossuary)

   Int:       It affects your intelligence (+2).
   rElec:     It insulates you from electricity.
   Rampage:   It bestows one free step when moving towards enemies.
 r - a +2 cloak (worn)
 J - a +2 ring mail of cold resistance
 K - a +0 tower shield (worn)
Jewellery
 n - an amulet of guardian spirit (around neck)
 s - the ring "Loruzeffe" (left hand) {rCorr Str+2}
   (You found it on level 8 of the Dungeon)

   [ring of resist corrosion]

   Str:       It affects your strength (+2).
   rCorr:     It protects you from acid and corrosion.
 D - an amulet of magic regeneration
 E - a ring of willpower
 G - a +4 ring of evasion (right hand)
 I - an amulet of faith
Wands
 M - a wand of flame (2) (quivered)
Scrolls
 e - a scroll of teleportation
 j - a scroll of fog
 u - a scroll of vulnerability
 v - a scroll of immolation
 y - 2 scrolls of noise
 L - a scroll of silence
 N - a scroll of amnesia {unknown}
Potions
 f - a potion of degeneration
 g - a potion of magic
 h - 2 potions of ambrosia {unknown}
 o - 2 potions of brilliance
 q - a potion of cancellation
 x - 2 potions of flight {unknown}
 z - 7 potions of curing
 B - 2 potions of haste {unknown}
 C - a potion of heal wounds


   Skills:
 - Level 7.0 Fighting
 - Level 8.0 Long Blades
 - Level 6.0 Armour
 + Level 3.7 Dodging
 - Level 4.0 Stealth
 - Level 8.0 Shields
 - Level 4.0 Evocations


You had 9 spell levels left.
You didn't know any spells.
Your spell library contained the following spells:

 Spells                   Type           Power      Damage    Failure   Level
 Freeze                   Ice            0%         1d3       100%        1
 Frozen Ramparts          Ice            0%         1d2       100%        3
 Ignite Poison            Fire/Tmut/Pois 0%         N/A       100%        3
 Blade Hands              Tmut           0%         N/A       100%        5
 Excruciating Wounds      Necr           0%         N/A       100%        5
 Mephitic Cloud           Conj/Pois/Air  Unusable   N/A       N/A         3
 Portal Projectile        Hex/Tloc       Unusable   N/A       N/A         3
 Hailstorm                Conj/Ice       Unusable   3d3       N/A         4
 Freezing Cloud           Conj/Ice/Air   Unusable   6-21      N/A         5

Dungeon Overview and Level Annotations

Branches:
Dungeon (8/15)             Temple (0/1) D:5         Ossuary (visited)
   Lair: D:8-11

Altars:
Ru
The Shining One

Shops:
D:2 ([([*   D:4 [

Annotations:
D:3 1 runed translucent door, a11behringer's ghost, amateur MiBe
D:6 1 runed translucent door, indyram44's ghost, novice DsGl
D:8 Gastronok


Innate Abilities, Weirdness & Mutations

You are amphibious.
You cover ground slowly.
You cannot study or cast Conjurations magic.
You cannot study or cast Earth magic.
You cannot study or cast Hexes magic.
You are somewhat unskilled. (-1 Apt)
You can hop short distances.
You have an extended range of vision and can be seen from far away.
Your body sometimes deteriorates upon taking damage.
You are somewhat resistant to further mutation.


Message History

You block the quokka's attack. Gastronok looks at you while chanting.
You barely resist. You block the rat's attack.
Aiming: Throw Flame
Press: ? - help, Q - select action, (/) - cycle Shift-Dir - straight line, f - Gastronok
Aim: Gastronok, wearing a +1 hat (almost dead, covering ground quickly, 100% to hit)
The puff of flame hits Gastronok!
Gastronok is almost dead.
You block the bat's attack. x3; The quokka barely misses you.
The rat barely misses you.
Aiming: Throw Flame
Press: ? - help, Q - select action, (/) - cycle Shift-Dir - straight line, f/p - Gastronok
Aim: Gastronok, wearing a +1 hat (almost dead, covering ground quickly, 100% to hit)
The puff of flame hits Gastronok.
Gastronok is almost dead.
You block the bat's attack. x3
The quokka bites you but does no damage.
Gastronok bites you!!
* * * LOW HITPOINT WARNING * * *
The rat bites you but does no damage.
Hop to where?
Press: ? - help, Dir - move target, p - Gastronok Boing!
The quokka twitches its whiskers.
As you read the scroll of fog, it crumbles to dust.
The scroll dissolves into smoke.
You block the bat's attack.
You wobble.
The bat hits you but does no damage. You block the bat's attack.
The bat hits you.
* * * LOW HITPOINT WARNING * * *
As you read the scroll of teleportation, it crumbles to dust.
You feel strangely unstable. The bat hits you but does no damage.
You block the bat's attack. You block the bat's attack.
The bat hits you but does no damage.
Found a stone staircase leading down.
Your surroundings suddenly seem different.
You see here 12 gold pieces.
Gastronok waves his eye-stalks in wide circles.
The air twists around and strikes you!!
You die...

#.......w..#####.......
#.........#(...........
#......................
#...[....(..........S..
#.......(...(..........
#.............$...<....
#......................
#.......$...........<..
#...<.@................
###########..........##
...#.#.##### .........
......... ....... .....


You could see Gastronok (swift).

Vanquished Creatures
  A two-headed ogre (D:7)
  4 yaks (D:7)
  A steam dragon (D:7)
  2 water moccasins
  A black bear (D:7)
  2 ice beasts
  3 ogres
  A phantom (D:6)
  3 bullfrogs
  A kobold brigand (D:6)
  A necrophage (D:5)
  12 wights
  3 howler monkeys
  2 hounds
  3 orc priests
  2 iguanas
  5 orc wizards
  9 mummies
  8 adders
  2 white imps
  2 ufetubi
  2 dart slugs
  18 orcs
  6 endoplasms
  6 giant cockroaches
  3 gnoll zombies (Ossuary)
  8 goblins
  11 hobgoblins
  3 jackals
  11 kobolds
  5 quokkas
  13 ball pythons
  9 bats
  2 frilled lizards
  A goblin zombie (D:5)
  2 hobgoblin zombies (Ossuary)
  A kobold zombie (Ossuary)
  2 orc zombies (Ossuary)
  A rat (D:3)
172 creatures vanquished.

Vanquished Creatures (collateral kills)
  An orc wizard (D:5)
  3 orcs (D:5)
  A hobgoblin zombie (D:5)
5 creatures vanquished.

Vanquished Creatures (others)
  A yak (D:7)
  A wight (D:5)
  An orc (D:4)
  A goblin (D:3)
  A plant (D:2)
5 creatures vanquished.

Grand Total: 182 creatures vanquished

Notes
Turn   | Place    | Note
-------+----------+-------------------------------------------
     0 | D:1      | enile the Barachi Fighter began the quest for the Orb.
     0 | D:1      | Reached XP level 1. HP: 18/18 MP: 1/1
   274 | D:1      | Found a faded altar of an unknown god.
   288 | D:1      | Reached XP level 2. HP: 15/25 MP: 2/2
   295 | D:1      | Prayed at the altar of an unknown god.
   295 | D:1      | Became a worshipper of Ru the Awakened
   299 | D:1      | Gained mutation: You cannot study or cast Earth magic. [Ru
                  | sacrifice]
   299 | D:1      | Gained mutation: You cannot study or cast Hexes magic. [Ru
                  | sacrifice]
   299 | D:1      | Gained mutation: You cannot study or cast Conjurations
                  | magic. [Ru sacrifice]
   299 | D:1      | Reached * piety under Ru
   969 | D:2      | Found Iliec's Weapon Shop.
  1058 | D:2      | Found Zoskox's Armour Shoppe.
  1069 | D:2      | Reached XP level 3. HP: 29/31 MP: 3/3
  1154 | D:2      | Found Jici's Weapon Boutique.
  1365 | D:2      | Found Cufoxagu's Antique Armour Shop.
  1394 | D:2      | Found Vian's General Store.
  1394 | D:2      | You fall into a shaft and drop 2 floors!
  1420 | D:4      | Reached skill level 5 in Fighting
  1420 | D:4      | Reached XP level 4. HP: 29/39 MP: 4/4
  1591 | D:3      | Found a runed translucent door.
  1592 | D:3      | Noticed a bullfrog
  1651 | D:3      | Noticed a11behringer's ghost (amateur MiBe)
  2061 | D:3      | Reached XP level 5. HP: 41/46 MP: 5/5
  3162 | D:2      | Bought a scroll of teleportation for 36 gold pieces
  3162 | D:2      | Bought 4 atropa-tipped darts for 28 gold pieces
  3162 | D:2      | Bought a scroll of identify for 24 gold pieces
  3941 | D:4      | Reached skill level 5 in Armour
  3952 | D:4      | Found a glowing golden altar of the Shining One.
  4000 | D:4      | Gained mutation: You are somewhat unskilled. (-1 Apt) [Ru
                  | sacrifice]
  4000 | D:4      | Reduced skill Fighting to level 5
  4000 | D:4      | Reached ** piety under Ru
  4009 | D:4      | Noticed an ice beast
  4055 | D:4      | Killed an ice beast
  4056 | D:4      | Reached XP level 6. HP: 17/51 MP: 1/6
  4498 | D:4      | Found Foiczov's Antique Armour Boutique.
  4566 | D:5      | Entered Level 5 of the Dungeon
  4622 | D:5      | Found a sand-covered staircase.
  4709 | Ossuary  | Entered an ossuary
  4711 | Ossuary  | Identified 2 scrolls of acquirement
  4712 | Ossuary  | Acquired the +1 helmet of Vopp {Rampage rElec Int+2}
  4714 | Ossuary  | Acquired a +0 vorpal double sword
  4731 | Ossuary  | Reached skill level 5 in Shields
  4734 | Ossuary  | Reached XP level 7. HP: 56/56 MP: 5/7
  5021 | D:5      | Reached skill level 5 in Long Blades
  5501 | D:5      | Reached skill level 5 in Armour
  5582 | D:5      | Reached XP level 8. HP: 42/63 MP: 4/8
  5860 | D:5      | Found a staircase to the Ecumenical Temple.
  6752 | D:6      | Reached skill level 1 in Stealth
  6971 | D:6      | Reached XP level 9. HP: 72/72 MP: 9/9
  7106 | D:6      | Found a runed translucent door.
  7614 | D:6      | Noticed indyram44's ghost (novice DsGl)
  7883 | D:2      | Bought a glowing ring mail for 210 gold pieces
  7918 | D:2      | Bought a +0 tower shield for 45 gold pieces
  9216 | D:8      | Noticed a two-headed ogre
  9258 | D:8      | Reached skill level 1 in Evocations
  9266 | D:8      | Identified the ring "Loruzeffe" {rCorr Str+2}
  9271 | D:8      | Noticed Gastronok
  9549 | D:2      | Bought 6 poisoned darts for 24 gold pieces
  9721 | D:7      | Killed a two-headed ogre
  9722 | D:7      | Reached XP level 10. HP: 61/79 MP: 8/10
  9913 | D:8      | Gained mutation: Your body sometimes deteriorates upon
                  | taking damage. [potion of mutation]
  9913 | D:8      | Gained mutation: You are somewhat resistant to further
                  | mutation. [potion of mutation]
 10407 | D:8      | HP: 2/70 [Gastronok (24)]
 10417 | D:8      | Killed from afar by Gastronok

Illustrated notes

Levels and vault maps discovered:
D:1:      evilmike_arrival_crescent, layout_rooms,
          nicolae_ecumenical_snake_handling
D:2:      layout_basic, serial_shops, nicolae_shop_competitors_out_of_business,
          nicolae_shop_trees, shop, nicolae_shop_hallway_stairs, shop,
          serial_bayou_pond_b
D:3:      layout_basic, ebering_ghost_sewer_d, minmay_vboxes
D:4:      layout_rooms, lemuel_tele_altar, serial_shops, shop,
          minmay_misc_feat_alley, kennysheep_generic_room_16
D:5:      layout_gridville, temple_hall, nicolae_ossuary_entry_giza,
          hangedman_decor_slide_cut
D:6:      layout_layer_cave, ebering_ghost_reflecting_pool
D:7:      layout_loops_ring
D:8:      layout_rooms, minmay_ruined_shrine, uniq_gastronok

Skill      XL: |  1  2  3  4  5  6  7  8  9 10 |
---------------+-------------------------------+-----
Fighting       | 4 5 6 5 7 |  7.0
Long Blades    | 3 3 6 8 |  8.0
Armour         | 4 5 6 |  6.0
Shields        | 4 5 8 |  8.0
Stealth        | 4 |  4.0
Evocations     | 4 |  4.0
Dodging        | 2 3 |  3.7

Action                   |  1- 3 |  4- 6 |  7- 9 | 10-12 || total
-------------------------+-------+-------+-------+-------++-------
Melee: Long sword        |    48 |       |       |       ||    48
       Falchion          |    59 |   286 |       |       ||   345
       Double sword      |       |    12 |   236 |    76 ||   324
Throw: Dart              |       |     5 |    12 |       ||    17
       Javelin           |       |       |     3 |       ||     3
Invok: Sacrifice Arcana  |     1 |       |       |       ||     1
       Sacrifice Skill   |       |     1 |       |       ||     1
       Reject Sacrifices |       |       |     1 |       ||     1
 Abil: Hop               |       |     3 |     5 |     2 ||    10
Evoke: Wand              |       |       |     5 |    10 ||    15
  Use: Scroll            |       |     8 |     9 |     4 ||    21
       Potion            |       |     5 |     1 |     1 ||     7
 Stab: Distracted        |       |       |       |     1 ||     1
Armor: Plate armour      |    80 |   256 |   110 |    62 ||   508
       Scale mail        |     1 |       |       |       ||     1
Dodge: Dodged            |    26 |    94 |    62 |    35 ||   217
Block: Buckler           |    22 |    76 |    27 |       ||   125
       Tower shield      |       |       |    58 |   114 ||   172

Table legend: (Time is in decaauts)
 A = Elapsed time spent in this place.
 B = Non-inter-level travel time spent in this place.
 C = Inter-level travel time spent in this place.
 D = Time resting spent in this place.
 E = Time spent auto-exploring this place.
 F = Levels seen in this place.
 G = Mean time per level.
                   A        B        C        D        E       F      G
               +--------+--------+--------+--------+--------+-----+--------+
         Total |  11788 |  10474 |   1314 |    742 |   7842 |   9 | 1309.8 |
       Dungeon |  11519 |  10205 |   1314 |    742 |   7701 |   8 | 1439.9 |
       Ossuary |    268 |    268 |      0 |      0 |    141 |   1 |  268.0 |
               +--------+--------+--------+--------+--------+-----+--------+

Top non-repeatable levels by time:
     D:7: 2247 daAuts
     D:5: 2047 daAuts
     D:2: 1766 daAuts
     D:6: 1559 daAuts
     D:4: 1367 daAuts
     D:3: 1334 daAuts
     D:1: 979 daAuts
 Ossuary: 268 daAuts
     D:8: 218 daAuts
